[Event "FIDE World Cup O12-B 2024"]
[Site "Batumi"]
[Date "2024.06.25"]
[Round "3.1"]
[White "Qu, Haoming"]
[Black "Tatvidze, Davit"]
[Result "1-0"]
[ECO "B22"]
[WhiteElo "1877"]
[BlackElo "2000"]
[Annotator "NA RC"]
[PlyCount "112"]
[EventDate "2024.06.23"]
[EventType "swiss"]
[EventCountry "GEO"]
[SourceTitle "playchess.com"]
[Source "ChessBase"]
[SourceQuality "1"]
[TimeControl "5400+30"]

1. e4 c5 2. c3 d5 3. exd5 Qxd5 4. d4 Nc6 5. Nf3 Bf5 6. Be3 Nf6 {[%emt 0:00:28] B22: Sicilian: 2 c3.} 7. a3 e6 8. Be2 cxd4 9. cxd4 Bxb1 10. Rxb1 Bd6 11. h3 O-O 12. O-O h6 13. Rc1 Rfd8 14. Re1 Rac8 15. Bf1 Ne7 16. Qd3 Nf5 17. Rxc8 Rxc8 18. Rc1 Rd8 19. Qc4 $11 a6 20. Qxd5 Nxd5 21. Bd2 Bf4 22. Bxf4 Nxf4 23. g3 Nd5 24. Bd3 Nd6 25. Kg2 g6 26. h4 b5 27. Rc6 a5 28. Rc5 Rb8 29. Ne5 a4 30. Nc6 Rb6 31. Nb4 Nxb4 32. axb4 Ra6 33. d5 exd5 34. Rxd5 Rb6 35. Rc5 Kf8 36. Kf3 Ke7 37. Ke2 Kd7 38. Ke3 h5 39. Kf4 Ke6 40. Ke3 Kd7 41. f3 f5 42. Kf4 Ke6 43. g4 hxg4 44. fxg4 fxg4 45. Kxg4 Kf7 46. Kg5 Ke7 47. Re5+ Kd7 48. Bxg6 Rb8 49. h5 Rg8 50. Kh6 Ra8 51. Kg7 Kc6 52. h6 Ra7+ 53. Kf6 Nc4 54. Re2 Nd6 55. h7 Ra8 56. Rh2 Kd5 1-0

[Event "FIDE World Cup O12-B 2024"]
[Site "Batumi"]
[Date "2024.06.25"]
[Round "3.2"]
[White "Batbaatar, Baatar"]
[Black "Gabadadze, Gabriel"]
[Result "1/2-1/2"]
[ECO "B33"]
[WhiteElo "1724"]
[BlackElo "1975"]
[Annotator "NA RC"]
[PlyCount "111"]
[EventDate "2024.06.23"]
[EventType "swiss"]
[EventCountry "GEO"]
[SourceTitle "playchess.com"]
[Source "ChessBase"]
[SourceQuality "1"]
[TimeControl "5400+30"]

1. e4 c5 2. Nf3 Nc6 3. d4 cxd4 4. Nxd4 Nf6 5. Nc3 e5 6. Ndb5 d6 7. Bg5 a6 8. Na3 b5 9. Nd5 Be7 10. Bxf6 Bxf6 11. c3 Rb8 12. Nc2 Bg5 13. Be2 O-O 14. Ncb4 {[%emt 0:07:27] B33: Sicilian: Pelikan and Sveshnikov Variations.} Nxb4 15. Nxb4 Bb7 16. Nd5 f5 17. Bf3 Bh6 18. exf5 Rxf5 19. O-O Rf8 20. a4 bxa4 21. Rxa4 Kh8 22. b4 Qe8 23. Be4 Qf7 24. Qd3 Rbc8 $16 25. f3 g6 26. Rb1 Bg5 27. Kh1 Qe8 28. Ra3 Qb5 29. Qd1 Bd8 30. Ne3 Bxe4 31. fxe4 Bg5 32. Ra5 Qb7 33. Nd5 Rf2 34. Qd3 Rcf8 35. Rxa6 Rd2 36. Qc4 Qf7 37. Rg1 Qf2 38. Raa1 Bf4 39. Raf1 Qh4 40. Nxf4 exf4 41. Rf3 g5 42. Rd3 Rxd3 43. Qxd3 Rf6 44. Rf1 g4 45. Qd4 Kg8 46. e5 dxe5 47. Qxe5 g3 48. h3 f3 49. Qe8+ Kg7 50. Qe7+ Kg6 51. Qe8+ Kg7 52. Qe7+ Kg8 53. Qe5 Kg7 54. Qe8 Rf7 55. Qd7 Qd4 56. Qxd4+ 1/2-1/2

[Event "FIDE World Cup O12-B 2024"]
[Site "Batumi"]
[Date "2024.06.25"]
[Round "3.3"]
[White "Ambartsumyan, Yuri"]
[Black "Kakavand, Ramtin"]
[Result "0-1"]
[ECO "D15"]
[WhiteElo "1750"]
[BlackElo "2059"]
[Annotator "NA RC"]
[PlyCount "82"]
[EventDate "2024.06.23"]
[EventType "swiss"]
[EventCountry "GEO"]
[SourceTitle "playchess.com"]
[Source "ChessBase"]
[SourceQuality "1"]
[TimeControl "5400+30"]

1. d4 d5 2. c4 c6 3. Nc3 Nf6 4. e3 a6 5. Nf3 b5 6. cxd5 cxd5 7. Bd3 {[%emt 0:01:10] 7.Ne5 is not played anymore.} e6 8. O-O Bb7 {[%emt 0:00:00] D15: Slav Defence: 4 Nc3 a6 and gambit lines after 4 Nc3 dxc4.} 9. b3 Bd6 10. Bb2 Nbd7 11. Rc1 O-O 12. Qe2 Ne4 13. Bxe4 (13. Rc2 $11) 13... dxe4 14. Nd2 f5 15. f4 $146 ({Predecessor:} 15. f3 Qh4 16. g3 exf3 17. Nxf3 Qh6 18. Nd1 Qh5 19. Nc3 Qh6 20. Nd1 Rac8 21. Nf2 Qh5 22. Nd3 g5 23. Nde5 Rxc1 24. Bxc1 Bxe5 {0-1 Zawierucha,A (2039)-Karhanek,P (2261) Orlova op 3rd 2006 (4)}) 15... exf3 16. Nxf3 g5 17. e4 b4 18. Na4 Bxe4 19. Nc5 Bd5 20. Nxd7 (20. Nxe6 $2 {loses.} Re8 21. Qd3 (21. Nfxg5 $2 {perishes.} Qxg5 22. Nxg5 Rxe2 $19) 21... Rxe6 $19 (21... Bxe6 $2 22. d5 $19)) (20. Nb7 $1 $11 {keeps the balance.} Qe7 21. Nxd6 Qxd6 (21... g4 22. Nxf5 Rxf5 23. Ne5 $11) 22. Nxg5) 20... Qxd7 21. Nxg5 Qg7 22. Nf3 Kh8 23. Ne5 $17 f4 24. Nf3 Qb7 25. Kh1 a5 26. Rce1 Rg8 27. Qd3 Rg6 28. Rf2 a4 29. Bc1 Rag8 30. Rg1 axb3 31. axb3 Qg7 32. Bb2 Rh6 33. Re1 Qg3 34. Kg1 Rxh2 35. Qe2 Rh6 36. Ba1 Qh3 37. Kf1 Qh1+ 38. Ng1 Rhg6 39. Qc2 Rxg2 40. Rxg2 Rxg2 41. Qc8+ Rg8 0-1

[Event "FIDE World Cup O12-B 2024"]
[Site "Batumi"]
[Date "2024.06.25"]
[Round "3.4"]
[White "Ibrahimli, Suat"]
[Black "Zhang, Haoxuan(Zj)"]
[Result "1/2-1/2"]
[ECO "D27"]
[WhiteElo "1852"]
[BlackElo "1907"]
[Annotator "NA RC"]
[PlyCount "47"]
[EventDate "2024.06.23"]
[EventType "swiss"]
[EventCountry "GEO"]
[SourceTitle "playchess.com"]
[Source "ChessBase"]
[SourceQuality "1"]
[TimeControl "5400+30"]

1. d4 d5 2. c4 dxc4 3. Nf3 Nf6 4. e3 e6 5. Bxc4 c5 6. O-O a6 7. a4 Nc6 8. Nc3 Be7 9. Qe2 cxd4 10. exd4 O-O 11. Rd1 Nb4 12. Bg5 Bd7 13. Ne5 Bc6 {[%emt 0:00:09] 13...Bc6 scores better than 13...Rc8.} 14. Nxc6 {[%emt 0:03:00] D27: Queen's Gambit Accepted: Classical main line: 7 e4!? and 7 a4.} Nxc6 15. Qd2 Nd5 $146 ({Predecessor:} 15... Rc8 16. Be2 Qa5 17. Bxf6 Bxf6 18. Ne4 Qxd2 19. Nxf6+ gxf6 20. Rxd2 Rfd8 21. Bf3 Nxd4 22. Bxb7 {0-1 Omelja,A (2264)-Zilka,S (2479) Prague op-A 10th 2011 (4)}) 16. Bxe7 Ncxe7 17. Rac1 Rc8 18. Ne4 Rc7 19. a5 Nc6 20. Nc5 Qd6 21. Bxd5 Qxd5 22. Qc3 Rfc8 23. b4 h6 24. h3 $11 1/2-1/2

[Event "FIDE World Cup O12-B 2024"]
[Site "Batumi"]
[Date "2024.06.25"]
[Round "3.5"]
[White "Diaz Guerrero, Jesus Daniel"]
[Black "Amangeldy, Ramazan"]
[Result "1-0"]
[ECO "C45"]
[WhiteElo "2032"]
[BlackElo "1740"]
[Annotator "NA RC"]
[PlyCount "155"]
[EventDate "2024.06.23"]
[EventType "swiss"]
[EventCountry "GEO"]
[SourceTitle "playchess.com"]
[Source "ChessBase"]
[SourceQuality "1"]
[TimeControl "5400+30"]

1. e4 e5 2. Nf3 Nc6 3. d4 exd4 4. Nxd4 Nf6 5. Nxc6 bxc6 6. Qe2 Rb8 7. Nc3 Bb4 8. Bg5 ({Better is} 8. e5 $15 Nd5 9. Qg4) 8... O-O 9. Qf3 Re8 10. Bd3 d5 11. O-O $1 d4 12. Bxf6 Qxf6 13. Qxf6 $14 gxf6 14. Ne2 Rd8 15. Ng3 Bf8 16. b3 c5 17. f4 Rb6 18. Rae1 Re8 19. h3 Kh8 20. Nh5 Bg7 21. g4 Bb7 22. Ng3 Ba6 23. Nh5 Bb7 24. Bc4 Kg8 25. e5 fxe5 26. fxe5 Re7 27. Rxf7 Rxf7 28. Rf1 Bxe5 29. Bxf7+ Kf8 30. Rf5 Bh8 31. Bc4+ Ke8 32. Rf7 Be4 33. Rxc7 Be5 34. Rxc5 Bb8 35. Bd3 Bb7 36. Rb5 h6 37. Rxb6 axb6 38. Ng7+ Kf7 39. Nf5 Bf4 40. Kf2 Kf6 41. Nxd4 Bd6 42. c3 Kg5 43. Be2 Bc5 44. Bf3 Bc8 45. Bd5 Kf4 46. b4 Bd6 47. Ne2+ Ke5 48. Bf3 Be6 49. a3 Bd7 50. Nd4 Kf4 51. Bc6 Bc8 52. a4 Be7 53. Ne2+ Ke5 54. Nd4 Kf4 55. Bd5 Bh4+ 56. Kg2 Bf6 57. a5 bxa5 58. bxa5 Ke3 59. Nf5+ Kd3 60. Nd6 Bxc3 61. Nxc8 Bxa5 62. Ne7 Bd2 63. Nf5 Bc1 64. Kg3 Bg5 65. Nd6 Kd4 66. Ba2 Bd2 67. Kh4 Bf4 68. Nf7 Ke3 69. Kh5 Kf3 70. Nxh6 Kg3 71. h4 Bd2 72. g5 Bc3 73. Nf5+ Kh3 74. Be6 Ba1 75. g6 Bf6 76. g7 Bxg7 77. Nxg7+ Kg3 78. Kg5 1-0

[Event "FIDE World Cup O12-B 2024"]
[Site "Batumi"]
[Date "2024.06.25"]
[Round "3.6"]
[White "Garakhanov, Shamsi"]
[Black "Golikov, Ivan"]
[Result "1/2-1/2"]
[ECO "E32"]
[WhiteElo "1884"]
[BlackElo "1723"]
[Annotator "NA RC"]
[PlyCount "138"]
[EventDate "2024.06.23"]
[EventType "swiss"]
[EventCountry "GEO"]
[SourceTitle "playchess.com"]
[Source "ChessBase"]
[SourceQuality "1"]
[TimeControl "5400+30"]

1. d4 Nf6 2. c4 e6 3. Nc3 Bb4 4. Qc2 O-O 5. Bg5 d6 6. e3 Nbd7 7. Bd3 h6 8. Bh4 e5 9. Nge2 Re8 10. O-O-O c6 11. a3 exd4 {[%emt 0:12:17] [#]} ({Black should play} 11... Bxc3 12. Nxc3 Qa5) 12. Ne4 $16 ({Of course not} 12. Nxd4 $6 Bxc3 13. Qxc3 Ne5 $11) ({Don't play} 12. exd4 Ba5 $16) (12. axb4 dxc3 13. Nxc3 a5 14. bxa5 Qxa5 $17) 12... g5 13. axb4 Nxe4 14. Bxe4 gxh4 15. Nxd4 Nf6 16. Bf5 a5 17. b5 Re5 18. bxc6 Qb6 19. g4 Rc5 20. Bxc8 Rxc8 21. Nf5 R8xc6 22. Ne7+ Kg7 23. Nxc6 Qxc6 24. Kb1 Rxc4 25. Qd3 Nxg4 26. Rhg1 Kf8 27. Rc1 Ne5 28. Rxc4 Nxc4 29. Qd4 a4 30. Rc1 b5 31. Qc3 Qe4+ 32. Ka1 Qf5 33. Qh8+ Ke7 34. f4 Qe6 35. Qc3 Qe4 36. Rd1 Qe6 37. Rc1 Qe4 38. Qb4 Qd5 39. Qc3 Qg2 40. Qb4 Qd5 41. Qc3 Qe4 42. h3 Qd5 43. e4 Qc5 44. Ka2 Qf2 45. e5 Qxf4 46. exd6+ Qxd6 47. Re1+ Kd7 48. Qf3 Ne5 49. Qb7+ Ke6 50. Qc8+ Ke7 51. Qh8 f6 52. Qg7+ Kd8 53. Qb7 Qd3 54. Rc1 Qb3+ 55. Ka1 Nc4 56. Qd5+ Kc7 57. Qf7+ Kb8 58. Qe8+ Kc7 59. Qe7+ Kb8 60. Qd8+ Kb7 61. Qd7+ Kb8 62. Qd8+ Kb7 63. Qd7+ Kb8 64. Qe8+ Kb7 65. Qe4+ Kb8 66. Qe8+ Kc7 67. Qe7+ Kb8 68. Qd8+ Kb7 69. Qd7+ Kb8 1/2-1/2

[Event "FIDE World Cup O12-B 2024"]
[Site "Batumi"]
[Date "2024.06.25"]
[Round "3.7"]
[White "Amreyev, Azat"]
[Black "Aadik Theophane Lenin"]
[Result "0-1"]
[ECO "B84"]
[WhiteElo "1704"]
[BlackElo "1852"]
[Annotator "NA RC"]
[PlyCount "86"]
[EventDate "2024.06.23"]
[EventType "swiss"]
[EventCountry "GEO"]
[SourceTitle "playchess.com"]
[Source "ChessBase"]
[SourceQuality "1"]
[TimeControl "5400+30"]

1. e4 c5 2. Nf3 e6 3. d4 cxd4 4. Nxd4 Nc6 5. Nc3 Qc7 6. Be2 a6 7. O-O Nf6 8. Kh1 Be7 9. f4 d6 10. f5 Ne5 11. Bg5 O-O 12. Qe1 b5 13. a3 h6 14. Bf4 Nc4 15. Bxc4 Qxc4 16. Be3 e5 17. Nb3 Qc7 18. Qg3 Kh8 19. Qh3 Kh7 20. Bg5 Bb7 21. Bxf6 Bxf6 22. Rad1 Rac8 23. Rf2 Qb6 24. Re2 a5 25. Nd5 Bxd5 26. Rxd5 Rfd8 27. Qd3 Rb8 28. Rd2 a4 29. Nc1 Bg5 30. Rd1 b4 31. Ne2 bxa3 32. bxa3 Qb2 33. h3 Rdc8 34. c3 Qxa3 35. Rxd6 Rd8 36. Rd5 Qb2 37. Qa6 Ra8 38. Qc4 Rxd5 39. Rxd5 a3 40. Rd7 a2 41. Qxf7 a1=Q+ 42. Kh2 Rg8 43. h4 Qe1 0-1

[Event "FIDE World Cup O12-B 2024"]
[Site "Batumi"]
[Date "2024.06.25"]
[Round "3.8"]
[White "Yusupov, Rauf"]
[Black "Chia, Yu Zhe Ashton"]
[Result "0-1"]
[ECO "A48"]
[WhiteElo "1800"]
[BlackElo "2229"]
[Annotator "RC"]
[PlyCount "94"]
[EventDate "2024.06.23"]
[EventType "swiss"]
[EventCountry "GEO"]
[SourceTitle "playchess.com"]
[Source "ChessBase"]
[SourceQuality "1"]
[TimeControl "5400+30"]

1. d4 Nf6 2. Nf3 d5 3. e3 c5 4. b3 cxd4 5. exd4 Nc6 6. Bb2 g6 7. Be2 Bg7 8. O-O O-O 9. Nbd2 Bf5 10. a3 Ne4 11. Bd3 Qb6 12. Re1 Nxd2 13. Qxd2 Nxd4 14. Ne5 Rfd8 15. Rad1 Bxd3 16. Qxd3 Ne6 17. h4 Rac8 18. g3 d4 19. Rd2 Qa5 20. Rde2 Bxe5 21. Rxe5 Rd5 22. R5e2 Rcd8 23. Qe4 Qc7 24. a4 R8d7 25. Ba3 Nc5 26. Qg4 f5 27. Qf3 e5 28. Bxc5 Rxc5 29. Qd3 e4 30. Qd2 Rc3 31. Qg5 Rxc2 32. Rxc2 Qxc2 33. Rc1 d3 34. Kg2 Qb2 35. Qh6 Qg7 36. Rc8+ Kf7 37. Qc1 Qe5 38. Qh6 Qg7 39. Qc1 Qf6 40. Qc4+ Ke7 41. Qb4+ Qd6 42. Qd2 Rd8 43. Rc1 Kd7 44. Qh6 Qe7 45. Qe3 Ke8 46. Qxa7 d2 47. Rd1 f4 0-1

[Event "FIDE World Cup O12-B 2024"]
[Site "Batumi"]
[Date "2024.06.25"]
[Round "3.9"]
[White "Pirtac, Alexandru"]
[Black "Khubuluri, Zaal"]
[Result "1-0"]
[ECO "B33"]
[WhiteElo "1977"]
[BlackElo "1501"]
[Annotator "RC"]
[PlyCount "47"]
[EventDate "2024.06.23"]
[EventType "swiss"]
[EventCountry "GEO"]
[SourceTitle "playchess.com"]
[Source "ChessBase"]
[SourceQuality "1"]
[TimeControl "5400+30"]

1. e4 c5 2. Nf3 Nc6 3. d4 cxd4 4. Nxd4 Nf6 5. Nc3 e5 6. Ndb5 d6 7. Bg5 a6 8. Na3 b5 9. Nd5 Be7 10. Bxf6 gxf6 11. Bd3 Be6 12. c3 Bxd5 13. exd5 Na5 14. Nc2 Bf8 15. a4 Nb3 16. Ra3 bxa4 17. Rxa4 Nc5 18. Ra2 e4 19. Be2 Qe7 20. Nd4 e3 21. Bb5+ Nd7 22. Nf5 exf2+ 23. Kxf2 Qe5 24. Re1 1-0

[Event "FIDE World Cup O12-B 2024"]
[Site "Batumi"]
[Date "2024.06.25"]
[Round "3.10"]
[White "Akhmet, Suleyman"]
[Black "Suleymanov, Askhab"]
[Result "1/2-1/2"]
[ECO "C67"]
[WhiteElo "1793"]
[BlackElo "1630"]
[Annotator "NA RC"]
[PlyCount "67"]
[EventDate "2024.06.23"]
[EventType "swiss"]
[EventCountry "GEO"]
[SourceTitle "playchess.com"]
[Source "ChessBase"]
[SourceQuality "1"]
[TimeControl "5400+30"]

1. e4 e5 2. Nf3 Nc6 3. Bb5 Nf6 4. O-O Nxe4 5. d4 Nd6 6. dxe5 Nxb5 7. a4 Nbd4 8. Nxd4 d5 9. Nxc6 bxc6 10. Qd3 Qd7 11. Rd1 Be7 12. Be3 O-O 13. Qc3 Qg4 14. Nd2 Qg6 15. Bd4 Bf5 16. Rac1 Bg5 17. Re1 a6 18. Be3 Be7 19. Bc5 Rfe8 20. Nb3 Bg5 21. Be3 Be7 22. Bc5 Bg5 23. Be3 Be7 24. Kh1 Rab8 25. Bc5 Bg5 26. Be3 Be7 27. Bc5 Bg5 28. Be3 Be7 29. Re2 Bb4 30. Qd4 Be4 31. Ree1 Bf5 32. Qc3 Be7 33. Nc5 Bxc5 34. Bxc5 1/2-1/2

[Event "FIDE World Cup O12-B 2024"]
[Site "Batumi"]
[Date "2024.06.25"]
[Round "3.11"]
[White "Martinez Flores, Matias"]
[Black "Atar, Semih Akif"]
[Result "1-0"]
[ECO "C02"]
[WhiteElo "2080"]
[BlackElo "1660"]
[Annotator "NA RC"]
[PlyCount "41"]
[EventDate "2024.06.23"]
[EventType "swiss"]
[EventCountry "GEO"]
[SourceTitle "playchess.com"]
[Source "ChessBase"]
[SourceQuality "1"]
[TimeControl "5400+30"]

1. e4 e6 2. d4 d5 3. e5 c5 4. c3 Nc6 5. Nf3 Nge7 6. Na3 cxd4 7. cxd4 Nf5 8. Nc2 Be7 9. Be2 Bd7 10. O-O O-O 11. Rb1 Qb6 12. Bd3 Rac8 13. g4 f6 $2 14. gxf5 exf5 15. Ne3 Nxd4 $18 16. Nxd4 Qxd4 17. Bxf5 Qxd1 18. Rxd1 Bxf5 19. Nxf5 Kf7 20. Nxe7 Kxe7 21. exf6+ 1-0

[Event "FIDE World Cup O12-B 2024"]
[Site "Batumi"]
[Date "2024.06.25"]
[Round "3.12"]
[White "Minkhajdarov, Ruslan"]
[Black "Cronje, Johannes Christiaan"]
[Result "1-0"]
[ECO "B13"]
[WhiteElo "1921"]
[BlackElo "1504"]
[Annotator "NA RC"]
[PlyCount "89"]
[EventDate "2024.06.23"]
[EventType "swiss"]
[EventCountry "GEO"]
[SourceTitle "playchess.com"]
[Source "ChessBase"]
[SourceQuality "1"]
[TimeControl "5400+30"]

1. e4 c6 2. d4 d5 3. exd5 cxd5 4. Nf3 Nc6 5. c4 Nf6 6. Nc3 Bg4 {[%emt 0:00:56] 6...a6 is the modern continuation.} 7. cxd5 Nxd5 8. Qb3 Nxc3 {[%emt 0:01:12] B13: Caro-Kann: Exchange Variation and Panov-Botvinnik Attack.} 9. bxc3 Qc7 10. Be2 e6 11. O-O Bd6 12. h3 Bh5 13. Be3 O-O 14. c4 $146 ({Predecessor:} 14. Rac1 a6 15. c4 Rab8 16. Rfe1 Rfc8 17. Qb1 Bf4 18. Qe4 Bxe3 19. Qxe3 Rd8 20. Red1 {1-0 Pires,G (2137)-Andrade,N (1776) St Joao da Madeira op 10th 2013 (5.6)}) 14... e5 15. c5 Bxc5 16. dxc5 e4 17. g4 exf3 18. Bxf3 Bg6 19. Rad1 Rad8 20. Bg2 Rd7 21. Rxd7 Qxd7 22. Rd1 Qc7 23. Rd6 Rd8 24. Qd5 Rxd6 25. cxd6 Qd7 26. f4 h6 27. f5 Bh7 $18 28. Bf4 Kf8 29. Qb3 Bg8 30. Bd5 a6 31. Kf2 Ke8 32. Qe3+ Kf8 33. a3 Bh7 34. Qb3 Bg8 35. Qe3 Bh7 36. Qd3 Ke8 37. Qe2+ Kf8 38. Qe4 Bg8 39. f6 Na5 40. fxg7+ Kxg7 41. Qe5+ f6 42. Bxh6+ Kxh6 43. Qxf6+ Kh7 44. Be4+ Qf5+ 45. Bxf5# 1-0